 Dungeon Crawl Stone Soup version 0.19-a0-979-g9f96267 (webtiles) character file.

23 Herrn the Sneak (level 3, -1/31 HPs)
             Began as a Naga Wizard on July 14, 2016.
             Slain by Ijyb
             ... wielding a +3 dagger of flaming
              (4 damage)
             ... on level 2 of the Dungeon.
             The game lasted 00:03:44 (973 turns).

Herrn the Sneak (Naga Wizard)                        Turns: 973, Time: 00:03:45

Health: -1/31      AC:  2    Str:  9    XL:     3   Next: 0%
Magic:  7/7        EV: 10    Int: 23    God:
Gold:   151        SH:  0    Dex:  9    Spells: 1 memorised, 7 levels left

rFire  + . .     SeeInvis +     (no weapon)
rCold  + . .     Gourm    .     a - +0 robe
rNeg   . . .     Faith    .     (no shield)
rPois  +         Spirit   .     b - +0 hat
rElec  +         Dismiss  .     (no cloak)
rCorr  +         Reflect  .     (no gloves)
SustAt .         Harm     .     (no barding)
MR     .....                    (no amulet)
Stlth  ++........               (no ring)
                                l - +4 ring of intelligence

@: resistant, very slow, not resistant to hostile enchantments, unstealthy
A: see invisible, deformed body, poison resistance, slowness 2, slow metabolism
1, spit poison 2, AC +1
a: Spit Poison


You were on level 2 of the Dungeon.
You were hungry.

You visited 1 branch of the dungeon, and saw 2 of its levels.

You collected 151 gold pieces.

Inventory:

Armour
 a - a +0 robe (worn)
 b - a +0 hat (worn)
Jewellery
 l - a +4 ring of intelligence (left hand)
Scrolls
 e - 2 scrolls of enchant weapon {unknown}
 g - a scroll of remove curse {unknown}
 i - a scroll of identify {unknown}
Potions
 k - a potion of resistance
Books
 c - a book of Minor Magic

   Spells                             Type                      Level
   a - Magic Dart                     Conjuration                  1
   b - Blink                          Translocation                2
   c - Call Imp                       Summoning                    2
   d - Repel Missiles                 Charms/Air                   2
   e - Slow                           Hexes                        2
   f - Conjure Flame                  Conjuration/Fire             3
   g - Mephitic Cloud                 Conjuration/Poison/Air       3
Comestibles
 d - 3 bread rations
 f - a slice of pizza
 h - a meat ration
 m - 2 chunks of flesh


   Skills:
 * Level 1.4 Fighting
 + Level 1.8 Dodging
 - Level 3.0 Stealth
 - Level 3.0 Spellcasting
 * Level 1.9 Conjurations
   Level 1.0 Summonings
   Level 1.0 Translocations


You had 7 spell levels left.
You knew the following spells:

 Your Spells              Type           Power        Failure   Level  Hunger
a - Magic Dart            Conj           ##..         6%          1    None


Dungeon Overview and Level Annotations

Branches:
Dungeon (2/15)

Altars:

Annotations:
D:2 Ijyb


Innate Abilities, Weirdness & Mutations

You cannot wear boots.
Your serpentine skin is tough. (AC +1)
You have supernaturally acute eyesight. (SInv)
Armour fits poorly on your strangely shaped body.
Your system is resistant to poisons. (rPois)
You cover ground very slowly.
You have a slow metabolism.
You can spit poison.


Message History

The splash of poison misses Ijyb.
You are feeling hungry.
Ijyb misses you.
Unknown command.
Unknown command.
Unknown command.
Unknown command.
Ijyb hits you with a dagger of flaming.
* * * LOW HITPOINT WARNING * * *
Unknown command.
Unknown command.
Unknown command.
Unknown command.
Unknown command.
Ijyb hits you with a dagger of flaming.
* * * LOW HITPOINT WARNING * * *
It was a potion of magic.
Magic courses through your body.
You have got your breath back.
Ijyb hits you with a dagger of flaming.
You die...

..#.........#
#...........####.
###.....†........
########............#...
#........##....(......#
#...............(......
#..................#..##
#..........#....†..##.. ##
####.......g@#...†.(..##.# .#
#..............#....####.##.#
#.##.......##..####...#.....#
#......##..##..>.####.#.....#
#......##..##.##.............
#....#..#..#..########.>.....
##..#.#.#..#.## ##.<....
#...#..#..#.##. #..#....
###...##....##...####.......


You could see Ijyb.

Vanquished Creatures
  A dart slug (D:1)
  A giant gecko (D:1)
  4 bats
  2 giant cockroaches (D:1)
  2 goblins
  4 hobgoblins (D:1)
  A giant newt (D:1)
  5 kobolds
20 creatures vanquished.

Notes
Turn   | Place    | Note
-------+----------+-------------------------------------------
     0 | D:1      | Herrn the Naga Wizard began the quest for the Orb.
     0 | D:1      | Reached XP level 1. HP: 15/15 MP: 4/4
   305 | D:1      | Reached skill level 1 in Fighting
   305 | D:1      | Reached XP level 2. HP: 25/25 MP: 6/6
   880 | D:2      | Found a faded altar of an unknown god.
   884 | D:2      | Reached XP level 3. HP: 27/31 MP: 4/7
   952 | D:2      | Noticed Ijyb
   973 | D:2      | Slain by Ijyb

Vault maps used:
D:1:      lemuel_arrival_cross, serial_bayou_pond_e, minmay_heptomino_l4
D:2:      yredelemnul_altar_generic, ecumenical_altar_1, minmay_strange_pillars,
          hangedman_decor_slide_cut, uniq_iyjb

Skill      XL: |  1 |
---------------+----+-----
Fighting       | 1 |  1.4
Dodging        | |  1.8
Stealth        | |  3.0
Spellcasting   | |  3.0
Conjurations   | |  1.9
Summonings     | |  1.0
Translocations | |  1.0

Action                   || total
-------------------------++-------
 Cast: Magic Dart        ||    34
 Abil: Spit Poison       ||    18
  Use: Potion            ||     2
Armor: Robe              ||     2
Dodge: Dodged            ||     9
